[Event "42nd Olympiad Baku 2016 Open"]
[Site "Baku"]
[Date "2016.09.04"]
[Round "3.13"]
[White "Mctigue, James"]
[Black "Shrestha, Keshav"]
[Result "0-1"]
[ECO "C85"]
[WhiteElo "2205"]
[BlackElo "2099"]
[Annotator ""]
[PlyCount "81"]
[EventDate "2016.??.??"]
[EventCountry "AZE"]
[SourceTitle "playchess.com"]
[Source "ChessBase"]
[WhiteTeam "U.S. Virgin Islands"]
[BlackTeam "Nepal"]
[WhiteTeamCountry "ISV"]
[BlackTeamCountry "NEP"]
[TimeControl "40/5400+30:1800+30"]

1. e4 {(00:00)} e5 {(00:00)} 2. Nf3 {(00:00)} Nc6 {
(00:00)} 3. Bb5 {(00:00)} a6 {(00:13)} 4. Ba4 {(00:
00)} Nf6 {(03:48)} 5. O-O {(00:19)} Be7 {(00:26)} 6. Bxc6
{(00:15)} dxc6 {(00:45)} 7. d3 {(00:13)} Nd7 {(00:
47)} 8. Nbd2 {(00:57)} O-O {(00:32)} 9. Nc4 {(00:39)} f6 {
(01:01)} 10. Nh4 {(00:52)} Nc5 {(03:20)} 11. Nf5 {(
13:04)} Bxf5 {(03:46)} 12. exf5 {(01:52)} a5 {(01:22)} 13.
Be3 {(02:22)} b5 {(03:06)} 14. Nd2 {(00:34)} Nb7 {(
01:48)} 15. Ne4 {(07:32)} a4 {(01:03)} 16. Qg4 {(13:16)}
Qd7 {(04:49)} 17. Qh5 {(09:04)} Qe8 {(04:12)} 18. Qxe8 {
(02:35)} Rfxe8 {(00:23)} 19. f4 {(05:51)} Bd6 {(06:
15)} 20. Rae1 {(04:36)} Re7 {(11:07)} 21. Nxd6 {(04:51)}
cxd6 {(02:02)} 22. fxe5 {(00:42)} dxe5 {(06:31)} 23. Bf2 {
(12:22)} Rd7 {(01:51)} 24. Re2 {(00:46)} Rad8 {(02:
01)} 25. Bb6 {(02:49)} Rc8 {(00:10)} 26. Bf2 {(00:59)} c5
{(00:56)} 27. b3 {(05:58)} a3 {(03:06)} 28. g4 {(
02:24)} Nd6 {(04:43)} 29. Be3 {(02:47)} b4 {(00:43)} 30.
Rg2 {(01:06)} h6 {(01:35)} 31. h4 {(00:53)} Nb5 {(
00:54)} 32. g5 {(00:47)} hxg5 {(00:31)} 33. hxg5 {(00:11)}
fxg5 {(00:50)} 34. Rxg5 {(04:01)} Nc3 {(01:40)} 35. Ra1 {
(00:53)} Kf7 {(01:50)} 36. Rg6 {(01:32)} Nd5 {(00:
22)} 37. Bd2 {(00:08)} Nf6 {(01:42)} 38. Re1 {(00:30)} e4
{(03:07)} 39. Bg5 {(00:10)} exd3 {(02:03)} 40. cxd3 {
(00:00)} Rc6 {(02:13)} 41. Bxf6 {(32:40)} 0-1

[Event "42nd Olympiad Baku 2016 Open"]
[Site "Baku"]
[Date "2016.09.04"]
[Round "3.22"]
[White "Mehmeti, Dritan"]
[Black "Mandizha, Farai"]
[Result "1-0"]
[ECO "C03"]
[WhiteElo "2415"]
[BlackElo "2357"]
[Annotator ""]
[PlyCount "127"]
[EventDate "2016.??.??"]
[EventCountry "AZE"]
[SourceTitle "playchess.com"]
[Source "ChessBase"]
[WhiteTeam "Albania"]
[BlackTeam "Zimbabwe"]
[WhiteTeamCountry "ALB"]
[BlackTeamCountry "ZIM"]
[TimeControl "40/5400+30:1800+30"]

1. d4 {(00:00)} e6 {(02:35)} 2. e4 {(04:11)} d5 {(
00:48)} 3. Nd2 {(01:00)} h6 {(01:07)} 4. Ngf3 {(04:02)}
Nf6 {(00:40)} 5. e5 {(06:21)} Nfd7 {(00:02)} 6. Bd3 {
(03:04)} c5 {(00:24)} 7. c3 {(00:05)} Nc6 {(00:11)}
8. O-O {(04:01)} a5 {(00:27)} 9. Re1 {(02:06)} cxd4 {
(04:59)} 10. cxd4 {(04:36)} Qb6 {(00:16)} 11. Nb1 {
(10:42)} Nxd4 {(04:44)} 12. Nxd4 {(01:08)} Qxd4 {(
00:02)} 13. Nc3 {(00:15)} Bb4 {(02:28)} 14. Nb5 {(03:04)}
Qb6 {(00:27)} 15. Qg4 {(12:09)} Kf8 {(05:04)} 16. Be3 {
(12:50)} Qd8 {(00:07)} 17. f4 {(00:45)} b6 {(13:52]
} 18. Rf1 {(06:01)} Ba6 {(07:50)} 19. f5 {(13:18)} Nxe5 {
(03:58)} 20. Qh5 {(00:07)} Kg8 {(07:25)} 21. fxe6 {
(00:49)} f6 {(00:31)} 22. Be2 {(05:44)} Bxb5 {(08:
32)} 23. Bxb5 {(00:14)} Qe7 {(00:25)} 24. Qf5 {(01:53)}
Bc5 {(00:17)} 25. Rae1 {(01:49)} Bxe3+ {(04:23)} 26. Rxe3
{(00:04)} Qc5 {(01:47)} 27. Rfe1 {(00:30)} Rf8 {(
01:42)} 28. a4 {(01:20)} g6 {(09:02)} 29. Qf4 {(00:02)}
Rh7 {(01:23)} 30. Kh1 {(00:13)} Qe7 {(02:48)} 31. Rxe5 {
(01:01)} fxe5 {(00:11)} 32. Qxe5 {(00:01)} Rf5 {(
02:06)} 33. Qb8+ {(00:31)} Qf8 {(00:02)} 34. Qxb6 {(00:22]
} Re7 {(00:06)} 35. h3 {(00:32)} Qf6 {(03:59)} 36. Qe3 {
(01:07)} Kg7 {(01:29)} 37. b3 {(00:02)} Rf4 {(05:
12)} 38. Bd7 {(02:03)} d4 {(04:02)} 39. Qe2 {(00:42)} Qf5
{(00:48)} 40. Kg1 {(00:00)} Kf6 {(00:00)} 41. Qd2 {
(06:43)} Kg7 {(06:36)} 42. b4 {(01:08)} Qg5 {(02:
10)} 43. Rd1 {(02:34)} axb4 {(08:57)} 44. Qxb4 {(00:14)}
Qf6 {(03:10)} 45. Qd2 {(05:16)} Qe5 {(01:57)} 46. Re1 {
(02:44)} Qd6 {(03:39)} 47. Qd3 {(04:03)} Rf5 {(02:
14)} 48. Re4 {(02:58)} Rd5 {(00:39)} 49. Rg4 {(02:23)} g5
{(01:31)} 50. Re4 {(01:26)} Qc5 {(01:21)} 51. h4 {(
01:01)} Qc1+ {(01:24)} 52. Kh2 {(00:14)} Qc7+ {(00:24)}
53. g3 {(01:27)} Rdxd7 {(04:40)} 54. exd7 {(00:42)} Rxe4 {
(00:02)} 55. Qxe4 {(00:13)} Qxd7 {(00:02)} 56. h5 {
(02:21)} Qd6 {(01:40)} 57. Qd3 {(01:25)} Kf8 {(01:
03)} 58. a5 {(00:59)} Qd5 {(00:36)} 59. a6 {(00:41)} Qa2+
{(00:13)} 60. Kh3 {(00:24)} Qe6+ {(00:23)} 61. Kg2 {
(00:26)} Qa2+ {(00:13)} 62. Kf3 {(00:14)} Qd5+ {(
01:11)} 63. Kg4 {(00:18)} Qa5 {(00:40)} 64. Qf5+ {(00:17)}
1-0

[Event "42nd Olympiad Baku 2016 Open"]
[Site "Baku"]
[Date "2016.09.04"]
[Round "3.5"]
[White "Minero Pineda, Sergio"]
[Black "Lee, Jun Hyeok"]
[Result "1-0"]
[ECO "E70"]
[WhiteElo "2391"]
[BlackElo "2238"]
[Annotator ""]
[PlyCount "67"]
[EventDate "2016.??.??"]
[EventCountry "AZE"]
[SourceTitle "playchess.com"]
[Source "ChessBase"]
[WhiteTeam "Costa Rica"]
[BlackTeam "Korea"]
[WhiteTeamCountry "CRI"]
[BlackTeamCountry "KOR"]
[TimeControl "40/5400+30:1800+30"]

1. d4 {(00:00)} Nf6 {(00:00)} 2. c4 {(00:00)} g6 {(
00:00)} 3. Nc3 {(00:00)} Bg7 {(00:00)} 4. e4 {(00:00)} d6
{(00:00)} 5. Bd3 {(00:08)} O-O {(00:12)} 6. Nge2 {(
00:08)} c5 {(02:44)} 7. d5 {(00:20)} e6 {(14:27)} 8. Bg5 {
(00:30)} exd5 {(02:34)} 9. exd5 {(02:17)} Nbd7 {(
01:23)} 10. f4 {(04:45)} a6 {(10:07)} 11. a4 {(04:13)} Qe8
{(01:40)} 12. Qd2 {(03:02)} Ng4 {(09:39)} 13. Ne4 {
(16:23)} f6 {(00:12)} 14. Bh4 {(10:05)} Qe7 {(00:
06)} 15. O-O {(00:17)} Re8 {(00:19)} 16. Rae1 {(02:02)}
Qf8 {(00:26)} 17. h3 {(09:45)} Nh6 {(00:05)} 18. Bf2 {
(00:47)} Nf7 {(05:18)} 19. g4 {(03:51)} Nb6 {(00:
05)} 20. N4c3 {(15:36)} Bd7 {(10:31)} 21. a5 {(00:32)} Nc8
{(00:07)} 22. Ng3 {(00:24)} Rxe1 {(00:21)} 23. Rxe1 {
(00:16)} Ne7 {(00:27)} 24. b4 {(07:25)} cxb4 {(09:
53)} 25. Nce2 {(00:08)} g5 {(00:17)} 26. f5 {(06:40)} Ne5
{(00:48)} 27. Be4 {(01:22)} Rc8 {(06:08)} 28. Qxb4 {
(00:20)} Rxc4 {(01:03)} 29. Qxb7 {(02:59)} Bc8 {(
01:42)} 30. Qb6 {(00:57)} h5 {(01:52)} 31. Bd4 {(04:24)}
Nd7 {(04:34)} 32. Qxd6 {(01:05)} hxg4 {(00:11)} 33. hxg4 {
(00:12)} Ng6 {(00:52)} 34. Qe6+ {(00:31)} 1-0

[Event "42nd Olympiad Baku 2016 Open"]
[Site "Baku"]
[Date "2016.09.04"]
[Round "3.18"]
[White "Mirzaad, S wahabuddin"]
[Black "Yang ching Wei, Austin"]
[Result "1/2-1/2"]
[ECO "E16"]
[WhiteElo "2069"]
[BlackElo "1997"]
[Annotator ""]
[PlyCount "119"]
[EventDate "2016.??.??"]
[EventCountry "AZE"]
[SourceTitle "playchess.com"]
[Source "ChessBase"]
[WhiteTeam "AFG"]
[BlackTeam "TPE"]
[WhiteTeamCountry "AFG"]
[TimeControl "40/5400+30:1800+30"]

1. d4 {(00:00)} Nf6 {(00:00)} 2. c4 {(00:00)} e6 {(
00:00)} 3. Nf3 {(00:00)} Bb4+ {(00:00)} 4. Bd2 {(00:11)}
Qe7 {(00:10)} 5. g3 {(00:08)} b6 {(06:37)} 6. Bg2 {
(00:22)} Bb7 {(00:11)} 7. O-O {(00:09)} O-O {(01:
10)} 8. a3 {(00:21)} Bxd2 {(01:44)} 9. Nbxd2 {(00:16)} d6
{(01:18)} 10. Qc2 {(00:45)} Nbd7 {(03:12)} 11. e4 {
(01:52)} e5 {(00:53)} 12. d5 {(01:04)} a5 {(04:58)}
13. b4 {(00:24)} Nh5 {(04:39)} 14. Nh4 {(03:43)} g6 {
(02:21)} 15. Bh3 {(03:59)} Bc8 {(06:00)} 16. Ng2 {(
04:46)} Nb8 {(09:14)} 17. Bxc8 {(02:27)} Rxc8 {(00:03)}
18. h3 {(02:01)} Nd7 {(04:41)} 19. Qd3 {(02:35)} Ra7 {
(11:19)} 20. Ne3 {(03:45)} Rca8 {(02:04)} 21. Qc3 {
(02:37)} Qg5 {(03:02)} 22. Nf3 {(05:22)} Nxg3 {(07:
35)} 23. fxg3 {(04:21)} Qxg3+ {(00:02)} 24. Ng2 {(01:50)}
axb4 {(00:15)} 25. Qxb4 {(01:02)} Nc5 {(00:05)} 26. Qe1 {
(04:25)} Qxe1 {(01:09)} 27. Raxe1 {(04:26)} h6 {(
02:05)} 28. Re3 {(08:00)} Rxa3 {(00:14)} 29. Nd2 {(00:45)}
Rxe3 {(04:48)} 30. Nxe3 {(00:12)} Ra3 {(00:21)} 31. Rf3 {
(02:05)} Rd3 {(02:02)} 32. Nef1 {(02:19)} Rd4 {(01:
00)} 33. Re3 {(04:23)} f5 {(00:04)} 34. exf5 {(00:36)}
gxf5 {(00:01)} 35. Ra3 {(00:16)} b5 {(02:48)} 36. cxb5 {
(00:44)} Rxd5 {(00:22)} 37. Ra8+ {(00:11)} Kf7 {(
12:46)} 38. Ra7 {(00:08)} Ne6 {(07:37)} 39. b6 {(00:16)}
Kg6 {(00:43)} 40. bxc7 {(00:00)} Rc5 {(00:00)} 41. Ra6 {
(00:58)} Rxc7 {(02:44)} 42. Rxd6 {(00:11)} Kf6 {(
00:03)} 43. Ne3 {(01:49)} Rc1+ {(06:57)} 44. Kf2 {(00:47)}
e4 {(00:18)} 45. Ndc4 {(04:28)} f4 {(03:41)} 46. Nd5+ {
(08:52)} Kf5 {(01:29)} 47. Ne7+ {(04:14)} Kf6 {(01:
47)} 48. Ng8+ {(03:40)} Kg5 {(02:50)} 49. Ne5 {(06:19)}
e3+ {(05:32)} 50. Ke2 {(03:18)} Rc2+ {(00:26)} 51. Kd1 {
(01:12)} Rd2+ {(01:42)} 52. Rxd2 {(00:13)} exd2 {(
00:01)} 53. Nf3+ {(00:49)} Kg6 {(03:33)} 54. Ne7+ {(02:28]
} Kf6 {(00:53)} 55. Nd5+ {(07:10)} Kf5 {(00:06)} 56. Nc3 {
(05:25)} Ng5 {(00:59)} 57. Nxg5 {(02:06)} Kxg5 {(
00:27)} 58. Kxd2 {(03:22)} Kh4 {(00:05)} 59. Ke2 {(00:44)}
Kxh3 {(00:07)} 60. Kf3 {(00:21)} 1/2-1/2

[Event "42nd Olympiad Baku 2016 Open"]
[Site "Baku"]
[Date "2016.09.04"]
[Round "3.30"]
[White "Mlawa, Hemed"]
[Black "Alhadad, Mahmoud"]
[Result "0-1"]
[ECO "D05"]
[WhiteElo "1782"]
[BlackElo "1999"]
[Annotator ""]
[PlyCount "76"]
[EventDate "2016.??.??"]
[EventCountry "AZE"]
[SourceTitle "playchess.com"]
[Source "ChessBase"]
[WhiteTeam "Tanzania"]
[BlackTeam "Palestine"]
[WhiteTeamCountry "TAN"]
[BlackTeamCountry "PLE"]
[TimeControl "40/5400+30:1800+30"]

1. d4 {(00:00)} Nf6 {(00:00)} 2. Nf3 {(00:00)} e6 {
(00:00)} 3. e3 {(00:13)} c5 {(00:14)} 4. c3 {(00:
14)} d5 {(00:12)} 5. Bd3 {(00:18)} Bd6 {(00:22)} 6. Nbd2 {
(01:09)} O-O {(00:21)} 7. O-O {(00:11)} Nbd7 {(00:
23)} 8. Re1 {(08:34)} b6 {(03:26)} 9. e4 {(02:45)} dxe4 {
(00:09)} 10. Nxe4 {(00:09)} Nxe4 {(00:41)} 11. Bxe4 {
(00:17)} Rb8 {(00:02)} 12. Qc2 {(09:44)} h6 {(05:
29)} 13. Rd1 {(04:21)} c4 {(06:09)} 14. Qe2 {(06:40)} Qc7
{(02:22)} 15. h3 {(07:28)} Nf6 {(02:26)} 16. Bc2 {(
00:47)} Bb7 {(01:30)} 17. Ne5 {(09:39)} Rbc8 {(05:56)} 18.
Bd2 {(06:27)} Rfd8 {(10:29)} 19. Rac1 {(05:15)} Bxe5 {
(18:18)} 20. dxe5 {(00:05)} Qc6 {(00:36)} 21. f4 {(
02:56)} Nd5 {(03:00)} 22. Qe4 {(07:25)} g6 {(07:19)} 23.
Kh2 {(00:54)} Rc7 {(05:35)} 24. Qf3 {(08:37)} Rcd7 {
(02:46)} 25. Be4 {(01:32)} Qa4 {(04:53)} 26. a3 {(
04:49)} Qb5 {(01:08)} 27. b4 {(00:37)} Qa4 {(01:54)} 28.
Ra1 {(02:24)} Kg7 {(04:19)} 29. Be1 {(00:57)} Qc6 {
(04:43)} 30. Bf2 {(00:40)} Qc7 {(00:27)} 31. Bd4 {(
00:27)} Nxc3 {(04:17)} 32. Bxc3 {(04:01)} Rxd1 {(00:11)}
33. Rxd1 {(00:31)} Bxe4 {(00:53)} 34. Qe2 {(00:37)} Bd3 {
(00:03)} 35. Qf2 {(02:00)} Qc6 {(00:17)} 36. Rg1 {(
01:21)} Be4 {(00:14)} 37. g4 {(00:57)} Rd3 {(00:10)} 38.
Qb2 {(02:04)} Qd5 {(02:19)} 0-1

[Event "42nd Olympiad Baku 2016 Open"]
[Site "Baku"]
[Date "2016.09.04"]
[Round "3.21"]
[White "Sayed Hassan, Mohamed"]
[Black "Mesfin, Leykun"]
[Result "1-0"]
[ECO "B46"]
[WhiteElo "2219"]
[BlackElo "2129"]
[Annotator ""]
[PlyCount "120"]
[EventDate "2016.??.??"]
[EventCountry "AZE"]
[SourceTitle "playchess.com"]
[Source "ChessBase"]
[WhiteTeam "MDV"]
[BlackTeam "ETH"]
[WhiteTeamCountry "EGY"]
[BlackTeamCountry "ETH"]
[TimeControl "40/5400+30:1800+30"]

1. e4 {(00:00)} c5 {(00:16)} 2. Nf3 {(00:03)} Nc6 {
(00:24)} 3. Nc3 {(00:16)} e6 {(01:29)} 4. a3 {(00:
32)} a6 {(02:02)} 5. d4 {(00:35)} cxd4 {(02:33)} 6. Nxd4 {
(00:08)} Bc5 {(00:26)} 7. Nxc6 {(01:14)} bxc6 {(01:
21)} 8. Bd3 {(01:17)} d5 {(01:10)} 9. O-O {(01:14)} Nf6 {
(01:25)} 10. Bg5 {(01:51)} h6 {(01:21)} 11. Bh4 {(
02:12)} Be7 {(00:46)} 12. Qe2 {(10:06)} O-O {(07:17)} 13.
exd5 {(01:08)} cxd5 {(00:23)} 14. Rfd1 {(03:27)} Bb7 {
(01:49)} 15. h3 {(01:48)} Re8 {(05:15)} 16. Bg3 {(
04:43)} Nd7 {(02:46)} 17. Qg4 {(06:31)} f5 {(08:32)} 18.
Qg6 {(04:19)} Bf6 {(00:30)} 19. Bf4 {(07:18)} Nf8 {
(04:56)} 20. Qh5 {(01:22)} Qb6 {(04:29)} 21. Rab1 {
(01:38)} d4 {(03:58)} 22. Na2 {(08:08)} e5 {(09:47]
} 23. Bxh6 {(05:10)} Qc6 {(01:38)} 24. Bf1 {(01:14)} gxh6
{(01:16)} 25. Qxh6 {(02:00)} Bg7 {(01:09)} 26. Qh5 {
(01:47)} Qe6 {(07:52)} 27. Nb4 {(02:19)} a5 {(01:
15)} 28. Nd3 {(02:17)} Rac8 {(00:38)} 29. b4 {(02:11)}
axb4 {(01:16)} 30. axb4 {(00:12)} Qg6 {(01:25)} 31. Qe2 {
(02:29)} f4 {(01:24)} 32. Nc5 {(05:11)} Bd5 {(01:
30)} 33. f3 {(06:11)} Ne6 {(03:14)} 34. c4 {(01:28)} Nxc5
{(01:29)} 35. cxd5 {(00:18)} Na4 {(00:18)} 36. d6 {
(01:47)} Nc3 {(01:51)} 37. Qa6 {(03:05)} Red8 {(00:
54)} 38. Rbc1 {(00:55)} Qxd6 {(01:14)} 39. Bc4+ {(01:06)}
Kh8 {(02:18)} 40. Qxd6 {(00:00)} Rxd6 {(00:00)} 41. Bd3 {
(02:49)} Rb8 {(01:24)} 42. Rd2 {(00:31)} Rxb4 {(00:
39)} 43. Ra1 {(01:55)} Rdb6 {(00:30)} 44. h4 {(00:28)} Bf6
{(00:25)} 45. Ra7 {(00:59)} Rb7 {(00:28)} 46. Ra6 {
(01:11)} R4b6 {(01:05)} 47. Ra5 {(00:31)} Kg7 {(01:
58)} 48. Kh2 {(01:00)} Bxh4 {(02:33)} 49. Rxe5 {(05:22)}
Bg3+ {(00:37)} 50. Kh3 {(00:52)} Rh6+ {(00:47)} 51. Kg4 {
(00:16)} Kf8 {(03:10)} 52. Kg5 {(03:19)} Rd6 {(01:
27)} 53. Bg6 {(03:01)} Rb5 {(04:48)} 54. Rxb5 {(02:35)}
Nxb5 {(00:12)} 55. Rb2 {(01:58)} Nc3 {(00:58)} 56. Bd3 {
(02:50)} Ke7 {(02:55)} 57. Kf5 {(00:19)} Rd5+ {(00:
22)} 58. Kg4 {(00:40)} Nd1 {(00:55)} 59. Rb7+ {(01:43)}
Kd8 {(00:32)} 60. Bf5 {(00:51)} Ne3+ {(00:33)} 1-0

[Event "42nd Olympiad Baku 2016 Open"]
[Site "Baku"]
[Date "2016.09.04"]
[Round "3.20"]
[White "Moinzai, Khushal"]
[Black "Min, Po-Yen"]
[Result "1-0"]
[ECO "D51"]
[WhiteElo "1624"]
[BlackElo "1842"]
[Annotator ""]
[PlyCount "135"]
[EventDate "2016.??.??"]
[EventCountry "AZE"]
[SourceTitle "playchess.com"]
[Source "ChessBase"]
[WhiteTeam "Afghanistan"]
[BlackTeam "Taiwan"]
[WhiteTeamCountry "AFG"]
[BlackTeamCountry "TPE"]
[TimeControl "40/5400+30:1800+30"]

1. c4 {(00:00)} Nf6 {(00:00)} 2. d4 {(00:55)} e6 {(
00:09)} 3. Bg5 {(01:55)} d5 {(03:33)} 4. Nc3 {(02:33)}
Nbd7 {(01:35)} 5. a3 {(02:04)} Be7 {(01:11)} 6. e3 {
(01:11)} O-O {(01:39)} 7. Nf3 {(03:01)} h6 {(07:25]
} 8. Bh4 {(01:16)} Ne4 {(07:13)} 9. Bxe7 {(03:28)} Qxe7 {
(01:11)} 10. cxd5 {(01:26)} Nxc3 {(00:08)} 11. bxc3 {
(00:44)} exd5 {(00:06)} 12. c4 {(02:16)} Nf6 {(02:
01)} 13. Be2 {(09:22)} Rd8 {(11:28)} 14. O-O {(02:44)}
dxc4 {(04:53)} 15. Bxc4 {(01:44)} Bg4 {(03:38)} 16. h3 {
(02:31)} Bxf3 {(03:38)} 17. Qxf3 {(01:46)} c6 {(00:
38)} 18. Rfd1 {(02:05)} Rac8 {(02:55)} 19. a4 {(09:50)}
Nd5 {(04:39)} 20. e4 {(08:58)} Nb4 {(03:21)} 21. Bb3 {
(05:35)} Rd7 {(06:30)} 22. Qe3 {(05:33)} Kh8 {(11:
55)} 23. Rd2 {(02:39)} Re8 {(02:10)} 24. Re1 {(03:47)} Qd8
{(04:55)} 25. Red1 {(03:43)} Qa5 {(03:59)} 26. e5 {
(02:55)} Nd5 {(01:13)} 27. Qe1 {(03:04)} b5 {(05:
58)} 28. axb5 {(02:04)} cxb5 {(00:46)} 29. Bc2 {(01:14)}
g6 {(02:13)} 30. Bb3 {(01:12)} Qb6 {(00:24)} 31. Rc1 {
(01:15)} a5 {(01:39)} 32. Qe4 {(01:34)} Nb4 {(01:
55)} 33. d5 {(02:25)} a4 {(00:46)} 34. Qxb4 {(00:42)} axb3
{(00:05)} 35. Qxb3 {(00:47)} Rxe5 {(00:17)} 36. Qc3 {
(00:38)} f6 {(01:01)} 37. Rcd1 {(01:29)} Qd6 {(00:
46)} 38. Qb3 {(00:22)} Rb7 {(00:28)} 39. Rc2 {(00:22)} Qd7
{(00:36)} 40. d6 {(00:00)} h5 {(00:00)} 41. Qf3 {(
05:33)} Kg7 {(09:21)} 42. Rdc1 {(05:17)} Qxd6 {(19:32)}
43. Qxb7+ {(00:50)} Kh6 {(00:06)} 44. Qc6 {(02:06)} Qe7 {
(00:41)} 45. Qc7 {(02:32)} Qe6 {(00:24)} 46. Qb8 {(
01:03)} Kg5 {(00:56)} 47. Rc5 {(01:31)} Rxc5 {(00:16)} 48.
Rxc5+ {(00:32)} f5 {(00:05)} 49. Qxb5 {(00:24)} Qe1+ {
(00:09)} 50. Qf1 {(00:24)} Qb4 {(00:08)} 51. Qc1+ {
(00:20)} Kf6 {(00:09)} 52. Qc3+ {(00:22)} Qxc3 {(
00:08)} 53. Rxc3 {(00:21)} Ke5 {(00:04)} 54. Rc6 {(00:29)}
g5 {(00:05)} 55. Rh6 {(00:29)} h4 {(00:01)} 56. Kf1 {
(00:20)} Ke4 {(00:07)} 57. Ke2 {(00:24)} Kf4 {(00:
06)} 58. Rh5 {(00:33)} g4 {(00:30)} 59. Rxh4 {(00:19)} Kg5
{(00:08)} 60. g3 {(00:25)} gxh3 {(00:53)} 61. Rxh3 {
(00:20)} f4 {(00:09)} 62. gxf4+ {(00:23)} Kxf4 {(
00:07)} 63. Rh4+ {(00:15)} Kf5 {(00:08)} 64. Ke3 {(00:19)}
Ke5 {(00:06)} 65. Rh5+ {(00:14)} Kf6 {(00:07)} 66. Kf4 {
(00:26)} Ke6 {(00:08)} 67. Rh6+ {(00:13)} Kd5 {(00:
05)} 68. f3 {(00:22)} 1-0

[Event "42nd Olympiad Baku 2016 Open"]
[Site "Baku"]
[Date "2016.09.04"]
[Round "3.4"]
[White "Joang Molapo"]
[Black "Moncur, Cecil"]
[Result "0-1"]
[ECO "A40"]
[WhiteElo "1685"]
[BlackElo "1869"]
[Annotator ""]
[PlyCount "62"]
[EventDate "2016.??.??"]
[EventCountry "AZE"]
[SourceTitle "playchess.com"]
[Source "ChessBase"]
[WhiteTeam "Lesotho"]
[BlackTeam "Bahamas"]
[WhiteTeamCountry "LES"]
[BlackTeamCountry "BAH"]
[TimeControl "40/5400+30:1800+30"]

1. d4 {(00:00)} g6 {(00:00)} 2. c4 {(00:00)} Bg7 {(
00:00)} 3. e4 {(00:07)} Nc6 {(00:10)} 4. d5 {(01:21)} Nd4
{(00:29)} 5. Be3 {(01:09)} c5 {(00:21)} 6. Ne2 {(
04:39)} e5 {(00:45)} 7. dxe6 {(16:12)} dxe6 {(00:42)} 8.
Nbc3 {(01:18)} Ne7 {(02:35)} 9. Qd2 {(02:10)} Nec6 {
(01:34)} 10. O-O-O {(02:27)} a5 {(06:05)} 11. Nb5 {
(07:12)} e5 {(00:45)} 12. Bg5 {(04:26)} f6 {(04:02]
} 13. Bh6 {(03:32)} O-O {(01:01)} 14. h4 {(01:20)} a4 {
(01:23)} 15. Nec3 {(05:55)} Bg4 {(06:06)} 16. Bxg7 {
(03:16)} Kxg7 {(00:19)} 17. Be2 {(09:21)} Be6 {(05:
47)} 18. Nd5 {(01:54)} Nxb5 {(00:25)} 19. cxb5 {(00:40)}
Nd4 {(00:12)} 20. Bc4 {(02:30)} b6 {(03:28)} 21. f4 {
(01:45)} h6 {(02:55)} 22. Qe3 {(06:42)} Ra5 {(07:
45)} 23. Qg3 {(04:46)} Bxd5 {(00:12)} 24. exd5 {(00:18)}
Qxd5 {(05:01)} 25. Qd3 {(02:30)} Qd7 {(03:50)} 26. fxe5 {
(01:43)} fxe5 {(00:46)} 27. Qe4 {(00:32)} Qe7 {(10:
17)} 28. Rhf1 {(05:15)} Raa8 {(00:45)} 29. Bf7 {(02:55)}
Rxf7 {(10:36)} 30. Rxf7+ {(00:23)} Qxf7 {(00:06)} 31. Qxa8
{(00:27)} Qc4+ {(01:08)} 0-1

[Event "42nd Olympiad Baku 2016 Open"]
[Site "Baku"]
[Date "2016.09.04"]
[Round "3.26"]
[White "Molod, Jonathan"]
[Black "Bernardi, Giancarlo"]
[Result "1-0"]
[ECO "B22"]
[WhiteElo "1943"]
[BlackElo "1668"]
[Annotator ""]
[PlyCount "99"]
[EventDate "2016.??.??"]
[EventCountry "AZE"]
[SourceTitle "playchess.com"]
[Source "ChessBase"]
[WhiteTeam "GUM"]
[BlackTeam "SMR"]
[BlackTeamCountry "ITA"]
[TimeControl "40/5400+30:1800+30"]

1. d4 {(00:00)} c5 {(00:00)} 2. c3 {(01:23)} b6 {(
02:04)} 3. e4 {(01:28)} d6 {(03:21)} 4. Nf3 {(01:50)} Nf6
{(00:19)} 5. Nbd2 {(01:42)} g6 {(01:53)} 6. Bd3 {(
01:07)} Bg7 {(00:19)} 7. O-O {(01:25)} Bb7 {(05:41)} 8.
Bb5+ {(06:42)} Nfd7 {(00:51)} 9. Re1 {(02:02)} O-O {
(01:04)} 10. d5 {(03:04)} a6 {(01:21)} 11. Bd3 {(
02:16)} b5 {(00:35)} 12. Nf1 {(02:27)} c4 {(00:50)} 13.
Bc2 {(00:34)} Nc5 {(01:06)} 14. Ng3 {(01:22)} a5 {(
05:17)} 15. Be3 {(01:21)} b4 {(01:27)} 16. Bd4 {(01:30)}
f6 {(04:45)} 17. Nd2 {(07:13)} Ba6 {(01:22)} 18. f4 {
(00:50)} Nbd7 {(02:31)} 19. Nf3 {(01:11)} e5 {(00:
42)} 20. dxe6 Nxe6 {(00:32)} 21. f5 {(04:07)} Nxd4 {(02:
10)} 22. Nxd4 {(02:25)} Nc5 {(00:50)} 23. Qg4 {(01:44)}
Qd7 {(01:36)} 24. Nge2 {(04:30)} g5 {(03:22)} 25. Rad1 {
(03:05)} Rfe8 {(03:20)} 26. Ng3 {(03:44)} Rad8 {(
05:33)} 27. Nh5 {(01:24)} Re5 {(11:06)} 28. h4 {(01:58)}
h6 {(00:54)} 29. Nxg7 {(02:58)} Qxg7 {(01:26)} 30. Nc6 {
(01:58)} Qc7 {(03:14)} 31. Nxd8 {(02:29)} Qxd8 {(
00:11)} 32. Qh5 {(00:35)} Nd3 {(01:24)} 33. Qg6+ {(01:25)}
Kf8 {(00:30)} 34. Qxh6+ {(00:21)} Kf7 {(00:39)} 35. Qg6+ {
(00:33)} Kf8 {(00:23)} 36. Qh6+ {(04:03)} Kg8 {(01:
18)} 37. Bxd3 {(01:18)} cxd3 {(00:24)} 38. hxg5 {(01:04)}
fxg5 {(00:57)} 39. Qg6+ {(00:32)} Kf8 {(00:21)} 40. f6 {
(00:00)} Qd7 {(00:00)} 41. Re3 {(03:35)} Qf7 {(03:
31)} 42. Qh6+ {(00:52)} Ke8 {(00:41)} 43. Rh3 {(01:18)}
Kd8 {(04:56)} 44. Qh8+ {(00:51)} Re8 {(00:18)} 45. Qg7 {
(03:59)} Qc7 {(04:08)} 46. f7 {(01:51)} Qc5+ {(06:
20)} 47. Kh1 {(00:50)} Bb5 {(01:21)} 48. fxe8=Q+ {(00:48)}
Bxe8 {(00:21)} 49. Rh7 {(01:14)} bxc3 {(00:29)} 50. Qe7+ {
(00:52)} 1-0